 Dungeon Crawl Stone Soup version 0.31-a0-233-g139696dc86 (webtiles) character file.

Game seed: 15410638064041453524

79 qw the Shooter (level 4, -2/36 HPs)
             Began as a Minotaur Hexslinger on July 7, 2023.
             Slain by Natasha (4 damage)
             ... on level 3 of the Dungeon.
             The game lasted 00:00:37 (1756 turns).

qw the Shooter (Minotaur Hexslinger)                Turns: 1756, Time: 00:00:38

Health: -2/36      AC:  3    Str: 13    XL:     4   Next: 17%
Magic:  4/4        EV: 12    Int: 10    God:
Gold:   5          SH:  0    Dex: 14    Spells: 4/5 levels left

rFire   . . .        Y - +1 sling (drain)
rCold   . . .        (no shield)
rNeg    . . .        c - +0 robe
rPois   .            (helmet restricted)
rElec   .            (no cloak)
rCorr   .            h - +0 pair of gloves
SInv    .            (no boots)
Will    .....        e - amulet of regeneration
Stlth   +            (no ring)
HPRegen 1.06/turn    (no ring)
MPRegen 0.09/turn

%: no passive effects
@: about to teleport, weak-willed, slowed, very slow
A: horns 2, retaliatory headbutt
a: no special abilities


You were on level 3 of the Dungeon.
You visited 1 branch of the dungeon, and saw 3 of its levels.

You collected 75 gold pieces.
You spent 70 gold pieces at shops.


Innate Abilities, Weirdness & Mutations

You have a pair of horns on your head.
You reflexively headbutt those who attack you in melee.


   Skills:
 - Level 2.0 Fighting
 + Level 4.7 Ranged Weapons
 - Level 2.1 Dodging
 - Level 1.0 Spellcasting
 - Level 2.0 Hexes


You had 4 spell levels left.
You knew the following spells:

 Your Spells              Type           Power      Damage    Failure   Level
a - Slow                  Hex            16%        N/A       16%         1

Your spell library contained the following spells:

 Spells                   Type           Power      Damage    Failure   Level
 Inner Flame              Hex/Fire       2%         N/A       56%         3
 Portal Projectile        Hex/Tloc       4%         N/A       56%         3
 Cause Fear               Hex            2%         N/A       83%         4

Inventory:

Hand Weapons
 Y - a +1 sling of draining (weapon)
Armour
 c - a +0 robe (worn)
 h - a +0 pair of gloves (worn)
Jewellery
 e - an amulet of regeneration (around neck)
Scrolls
 j - a scroll of identify
Potions
 f - a potion of attraction {unknown}
 g - 2 potions of might
 l - a potion of lignification {unknown}

Dungeon Overview and Level Annotations

Branches:
Dungeon (3/15)

Altars:

Shops:
D:2 ?(

Annotations:
D:3 Natasha


Message History

Natasha claws you!
You shoot a sling bullet.
The sling bullet closely misses Natasha.
Natasha claws you. The quokka bites you. Natasha barely misses you.
The quokka bites you but does no damage.
Natasha wildly gestures.
Natasha's front paws start to glow.
Natasha barely misses you.
You shoot a sling bullet. The sling bullet barely misses Natasha.
The quokka bites you. Natasha claws you but does no damage.
The quokka barely misses you. You furiously retaliate!
You headbutt the quokka.
You kill the quokka!
Natasha closely misses you.
You shoot a sling bullet.
The sling bullet closely misses Natasha.
Natasha closely misses you.
Natasha mumbles some strange words.
Natasha claws you.
You shoot a sling bullet.
The sling bullet closely misses Natasha.
Natasha casts a spell at you.
You feel as though you will be slow longer.
Natasha claws you.
The cerulean imp hits you with a +0 spear.
Natasha stares at you and mumbles some strange words.
You resist with significant effort.
You shoot a sling bullet.
The sling bullet closely misses Natasha.
Natasha claws you.
The cerulean imp hits you with a +0 spear.
Natasha casts a spell at you. You resist with significant effort.
The cerulean imp hits you with a +0 spear.
1756 ||| READING scroll of teleportation.
As you read the scroll of teleportation, it crumbles to dust.
You feel strangely unstable. Natasha claws you.
The cerulean imp hits you with a +0 spear.
Natasha claws you.
You die...

..... ..... #
.... .. #.. .. .
####..#####.##.#
#...............
#.......5#....(.
#.....@%......
#.##.#h#......
#.##.#.# .....
#...<#.. ....
###..##.. ...
#..# .#. .. #..#
.#.. . ##.. .#
.. ##.


You could see Natasha (fast) and a cerulean imp (summoned).

Vanquished Creatures
  3 adders (D:2)
  A dart slug (D:1)
  2 ball pythons
  5 endoplasms
  A giant cockroach (D:1)
  3 goblins
  7 hobgoblins
  2 jackals (D:1)
  5 kobolds
  3 quokkas
  7 bats
  3 frilled lizards
  5 rats
47 creatures vanquished.

Notes
Turn   | Place    | Note
-------+----------+-------------------------------------------
     0 | D:1      | qw the Minotaur Hexslinger began the quest for the Orb.
     0 | D:1      | Reached XP level 1. HP: 16/16 MP: 1/1
     0 | D:1      | 0 ||| qw: Version: 0.3-a-46-gb1f654a
     0 | D:1      | 0 ||| qw: Game counter: 3063
     0 | D:1      | 0 ||| qw: Melee chars always use a shield: true
     0 | D:1      | 0 ||| qw: God list: Okawaru
     0 | D:1      | 0 ||| qw: Allow faded altars: false
     0 | D:1      | 0 ||| qw: Do Orc after clearing Dungeon:15 true
     0 | D:1      | 0 ||| qw: Do second Lair branch before Depths: true
     0 | D:1      | 0 ||| qw: Lair rune preference: random
     0 | D:1      | 0 ||| qw: Goals: Normal
     0 | D:1      | 0 ||| PLANNING D:1-11
   156 | D:1      | Reached skill level 3 in Ranged Weapons
   156 | D:1      | Reached XP level 2. HP: 23/23 MP: 2/2
   511 | D:1      | Reached XP level 3. HP: 23/29 MP: 3/3
   922 | D:1      | 922 ||| UPGRADING to +0 pair of gloves.
   927 | D:1      | 927 ||| UPGRADING to amulet of regeneration.
   932 | D:1      | 932 ||| READING scroll labelled UHEIWE SUIPHI.
   933 | D:1      | 933 ||| READING scroll labelled POJIURUDUU.
   934 | D:1      | 934 ||| READING scroll labelled XEJUXT LAAJ.
   935 | D:1      | 935 ||| READING 3 scrolls labelled UTTECSYJYA.
   948 | D:1      | 948 ||| READING scroll labelled MITACZOTAXT.
   949 | D:1      | 949 ||| READING scroll labelled DEAMONUHUSH.
   954 | D:1      | 954 ||| DRINKING 2 purple potions.
   955 | D:1      | 955 ||| DROPPING scroll of poison.
   956 | D:1      | 956 ||| DROPPING 2 scrolls of torment.
  1009 | D:2      | Reached skill level 4 in Ranged Weapons
  1131 | D:2      | Reached XP level 4. HP: 36/36 MP: 4/4
  1311 | D:2      | Found Ina Buhao's Antique Weapon Emporium.
  1477 | D:2      | Found Xischo's Magic Scroll Emporium.
  1480 | D:2      | 1480 ||| SHOPLISTING scroll of brand weapon (133 gold, have
                  | 75).
  1480 | D:2      | 1480 ||| BUYING scroll of identify (28 gold).
  1480 | D:2      | Bought a scroll of identify for 28 gold pieces
  1480 | D:2      | 1480 ||| BUYING scroll of teleportation (42 gold).
  1480 | D:2      | Bought a scroll of teleportation for 42 gold pieces
  1480 | D:2      | 1480 ||| SHOPLISTING scroll of teleportation (42 gold, have
                  | 5).
  1734 | D:2      | 1734 ||| READING scroll labelled UWACA HAADIEL.
  1735 | D:2      | 1735 ||| READING scroll labelled TOWOHE YFIM.
  1736 | D:2      | 1736 ||| READING scroll labelled RAOHEN BOXEOT.
  1737 | D:2      | 1737 ||| READING scroll labelled RAMIDO GIKOAWA.
  1747 | D:3      | Noticed Natasha
  1755 | D:3      | HP: 5/36 [cerulean imp/+0 spear[Natasha] (5)]
  1756 | D:3      | 1756 ||| READING scroll of teleportation.
  1756 | D:3      | HP: 2/36 [cerulean imp/+0 spear[Natasha] (2)]
  1756 | D:3      | Slain by Natasha

Levels and vault maps discovered:
D:1:      minmay_arrival_floating_metal, layout_basic
D:2:      layout_loops_ring, serial_shops, nicolae_shop_real_fake_doors,
          nicolae_shop_rolled_up
D:3:      layout_rooms, mainiacjoe_overflow_alcove_2, minmay_liquid_box,
          uniq_natasha

Skill      XL: |  1  2  3 |
---------------+----------+-----
Ranged Weapons | 3 4 |  4.7
Fighting       | 2 |  2.0
Dodging        | |  2.1
Spellcasting   | |  1.0
Hexes          | |  2.0

Action                     |  1- 3 |  4- 6 || total
---------------------------+-------+-------++-------
   Fire: Sling             |   106 |    27 ||   133
    Use: Scroll            |     6 |     5 ||    11
         Potion            |     1 |       ||     1
 Armour: Robe              |    12 |     5 ||    17
  Dodge: Dodged            |    31 |     8 ||    39

Table legend:
 A = Non-vault XP
 B = Vault XP
 C = Vault XP percentage of total XP
 D = Non-vault monster count
 E = Vault monster count
 F = Vault count percentage of total count
                 A         B        C        D         E       F
            +---------+---------+-------+---------+---------+-------
      Total |     114 |       0 |   0.0 |      47 |       0 |   0.0
            +---------+---------+-------+---------+---------+-------
        D:1 |      51 |       0 |   0.0 |      29 |       0 |   0.0
        D:2 |      61 |       0 |   0.0 |      17 |       0 |   0.0
        D:3 |       2 |       0 |   0.0 |       1 |       0 |   0.0
            +---------+---------+-------+---------+---------+-------
